 Dungeon Crawl Stone Soup version 0.30-a0-4-ga7cffc901d (webtiles) character file.

Game seed: 8012285025748001043

169 Setbun the Cutter (level 5, 0/30 HPs)
             Began as a Kobold Brigand on Aug 21, 2022.
             Slain by a killer bee zombie (2 damage)
             ... on level 3 of the Dungeon.
             The game lasted 00:03:28 (2926 turns).

Setbun the Cutter (Kobold Brigand)                  Turns: 2926, Time: 00:03:28

Health: 0/30       AC:  3    Str:  8    XL:     5   Next: 79%
Magic:  5/5        EV: 14    Int: 13    God:
Gold:   205        SH:  0    Dex: 18    Spells: 4/4 levels left

rFire   . . .      SeeInvis .    a - +2 dagger
rCold   . . .      Faith    .    (no shield)
rNeg    . . .      Spirit   .    b - +0 robe
rPois   .          Reflect  .    (no helmet)
rElec   .          Harm     .    c - +0 cloak
rCorr   .          Rampage  .    (no gloves)
Will    .....                    (no boots)
Stlth   ++++......               (no amulet)
HPRegen 0.10/turn                (no ring)
MPRegen 0.09/turn                (no ring)

@: lethally poisoned (0 -> -5)
A: small, no large weapons, nightstalker 3
a: no special abilities


You were on level 3 of the Dungeon.
You visited 1 branch of the dungeon, and saw 3 of its levels.

You collected 205 gold pieces.

Inventory:

Hand Weapons
 a - a +2 dagger (weapon)
Missiles
 d - 4 poisoned darts (quivered)
 e - 8 curare-tipped darts
Armour
 b - a +0 robe (worn)
 c - a +0 cloak (worn)
Jewellery
 i - a ring of flight
 k - a ring of positive energy
 r - a +4 ring of evasion
 s - a ring of protection from cold
Scrolls
 g - 2 scrolls of teleportation {unknown}
 j - 4 scrolls of identify {unknown}
 m - a scroll of vulnerability {unknown}
 q - 3 scrolls of enchant armour {unknown}
 u - a scroll of amnesia {unknown}
 w - a scroll of blinking {unknown}
 x - a scroll of noise {unknown}
 y - a scroll of immolation {unknown}
Potions
 f - 3 potions of curing
 h - a potion of ambrosia {unknown}
 l - 2 potions of lignification {unknown}
 n - a potion of resistance {unknown}
 o - a potion of cancellation {unknown}
 p - a potion of degeneration {unknown}
 t - a potion of haste {unknown}
 v - a potion of magic {unknown}


   Skills:
 - Level 2.1 Fighting
 + Level 7.3 Short Blades
 - Level 2.1 Throwing
 - Level 1.2 Dodging
 - Level 5.3 Stealth


You had 4 spell levels left.
You didn't know any spells.
Your spell library contained the following spells:

 Spells                   Type           Power      Damage    Failure   Level
 Ozocubu's Armour         Ice            0%         N/A       67%         3
 Metabolic Englaciation   Hex/Ice        0%         N/A       100%        5
 Simulacrum               Ice/Necr       0%         N/A       100%        6


Dungeon Overview and Level Annotations

Branches:
Dungeon (3/15)

Altars:

Shops:
D:1 [

Annotations:
D:3 1 transporter, gregwegmann's ghost, amateur DsTm


Innate Abilities, Weirdness & Mutations

You are small and have problems with some larger weapons.
You are completely attuned to the shadows.


Message History

The bullfrog zombie barely misses you.
The bullfrog zombie hits you but does no damage.
You feel sick.
The bullfrog zombie attacks as you move away!
The bullfrog zombie misses you.
You feel sick.
You feel sick. The bullfrog zombie closely misses you.
You feel sick.
You feel sick. The killer bee zombie hits you.
The killer bee zombie attacks as you move away!
The killer bee zombie hits you but does no damage.
You feel sick.
The killer bee zombie completely misses you.
You feel sick.
You are no longer poisoned.
The killer bee zombie closely misses you.
The killer bee zombie hits you but does no damage.
The killer bee zombie hits you.
* * * LOW HITPOINT WARNING * * *
Throw: 6 darts (poison)
Press: ? - help, Q - select action, (/) - cycle Shift-Dir - straight line, f - killer bee zombie, p - gregwegmann's ghost
Aim: a killer bee zombie (53% to hit)
You throw a poisoned dart.
The poisoned dart barely misses the killer bee zombie.
The poisoned dart hits gregwegmann's ghost.
The killer bee zombie closely misses you.
The killer bee zombie barely misses you.
Throw: 5 darts (poison)
Press: ? - help, Q - select action, (/) - cycle Shift-Dir - straight line, f/p - killer bee zombie
Aim: a killer bee zombie (53% to hit)
You throw a poisoned dart.
The poisoned dart closely misses the killer bee zombie.
The poisoned dart closely misses gregwegmann's ghost.
The poisoned dart barely misses the bullfrog zombie.
The killer bee zombie misses you.
Gregwegmann's ghost attacks as you move away!
Gregwegmann's ghost hits you but does no damage.
You are lethally poisoned!
* * * LOW HITPOINT WARNING * * *
You feel sick. The killer bee zombie hits you.
You die...

#.#..### #..## #.#.## ######.##
#.#.# #......# ....#
#########.###.##### ....#
#.................# #####
#........©........# #
#..#############..# #######
##..#...........#..# ......#
#...#..@........#..# ...##.#
#...#.Z##...##. #..# ....#.##
#...#WZ#8((.8# #..# ##.....#
#...#..##.(.##. #..# ##.#..#
#...#.(...©.... #..#####
#.#..###...#.(##...##. #.......
#.#...##...#..#8...8# #.......
#.#.#.##...#..##Z..## #.......
#.#.#......#..Z........#.......


You could see gregwegmann's ghost, a bullfrog zombie and a killer bee zombie.

Vanquished Creatures
  A black bear (D:3)
  A gnoll (D:1)
  2 adders (D:2)
  A worm (D:2)
  2 dart slugs
  2 ball pythons (D:2)
  5 endoplasms
  A giant cockroach (D:3)
  4 goblins
  3 hobgoblins
  7 jackals (D:2)
  3 bats
  3 frilled lizards (D:2)
  3 kobolds
  9 rats
47 creatures vanquished.

Vanquished Creatures (others)
  A plant (D:1)
1 creature vanquished.

Grand Total: 48 creatures vanquished

Notes
Turn   | Place    | Note
-------+----------+-------------------------------------------
     0 | D:1      | Setbun the Kobold Brigand began the quest for the Orb.
     0 | D:1      | Reached XP level 1. HP: 12/12 MP: 1/1
    53 | D:1      | Found Heuqax's Armour Shoppe.
    98 | D:1      | Reached skill level 3 in Short Blades
   109 | D:1      | Found a faded altar of an unknown god.
   224 | D:1      | Reached XP level 2. HP: 17/17 MP: 2/2
   399 | D:1      | Reached skill level 4 in Short Blades
   414 | D:1      | Reached XP level 3. HP: 21/21 MP: 3/3
   986 | D:2      | Reached skill level 5 in Short Blades
  1144 | D:2      | Identified the +2 chain mail of Boredom {Regen+}
  1223 | D:2      | Reached XP level 4. HP: 21/26 MP: 4/4
  2210 | D:3      | Found a transporter.
  2333 | D:3      | Found a transporter.
  2333 | D:3      | Noticed gregwegmann's ghost (amateur DsTm)
  2338 | D:3      | Reached skill level 6 in Short Blades
  2568 | D:3      | Noticed a black bear
  2570 | D:3      | Killed a black bear
  2571 | D:3      | Reached skill level 7 in Short Blades
  2571 | D:3      | Reached XP level 5. HP: 30/30 MP: 5/5
  2926 | D:3      | Slain by a killer bee zombie

Illustrated notes

Levels and vault maps discovered:
D:1:      heliophobic_arrival_battle_scene, layout_basic, serial_shops, shop,
          dreamdust_ecumenical_altar_grove
D:2:      layout_basic
D:3:      layout_basic, gammafunk_ghost_mausoleum

Skill      XL: |  1  2  3  4 |
---------------+-------------+-----
Short Blades   | 3 4 5 7 |  7.3
Fighting       | |  2.1
Throwing       | |  2.1
Dodging        | |  1.2
Stealth        | |  5.3

Action                   |  1- 3 |  4- 6 || total
-------------------------+-------+-------++-------
Melee: Dagger            |    73 |    57 ||   130
       Punch             |       |     1 ||     1
Throw: Dart              |       |     5 ||     5
  Use: Potion            |       |     1 ||     1
 Stab: Sleeping          |    15 |     8 ||    23
Armor: Robe              |    10 |     8 ||    18
Dodge: Dodged            |    31 |    37 ||    68

Table legend: (Time is in decaauts)
 A = Elapsed time spent in this place.
 B = Non-inter-level travel time spent in this place.
 C = Inter-level travel time spent in this place.
 D = Time resting spent in this place.
 E = Time spent auto-exploring this place.
 F = Levels seen in this place.
 G = Mean time per level.
                   A        B        C        D        E       F      G
               +--------+--------+--------+--------+--------+-----+--------+
         Total |   2893 |   2861 |     32 |      0 |   2537 |   3 |  964.3 |
       Dungeon |   2893 |   2861 |     32 |      0 |   2537 |   3 |  964.3 |
               +--------+--------+--------+--------+--------+-----+--------+

Top non-repeatable levels by time:
     D:2: 1514 daAuts
     D:3: 838 daAuts
     D:1: 540 daAuts
